woodfighter, chaotic female elven Rogue --------------- |.............| |.............| |..........<..| |.............| #...[..........| ###----+---------- # # # # ---.---# |.....|# |F...@|# ..).sf.# ------- woodfighter the Rogue Experience level: 6 Strength: 18 Dexterity: 19 Constitution: 15 Intelligence: 10 Wisdom: 9 Charisma: 8 Health: 0(38) Energy: 33(33) Def: 3 Gold: 0 Moves: 3469 Dungeon seed: W1uAe7rOwosijlqL Game ID: woodfighter_1511127304 Your Inventory: Amulets l - an uncursed amulet versus poison Weapons a - a +0 elven short sword b - 8 +0 elven daggers (in quiver) c - a +0 elven dagger (weapon in hand) Armor e - an uncursed +1 leather armor (being worn) n - an uncursed +0 orcish helm q - a cursed -1 pair of gauntlets of fumbling z - a cursed -1 pair of fumble boots N - an uncursed +0 orcish helm X - a cursed -1 pair of levitation boots Y - an uncursed +0 dwarvish cloak Comestibles m - 3 uncursed food rations r - 3 uncursed sprigs of wolfsbane w - an uncursed tin of kitten meat Q - an uncursed tripe ration V - an uncursed magic bean Z - an uncursed lizard corpse Scrolls I - an uncursed scroll of blank paper Wands h - a wand of opening (0:3) Tools g - an uncursed blindfold y - an uncursed lock pick Spells and supernatural/magical abilities: Name Level Category Fail Memory W - pray for help -- divine ? -- Your skills at the end: Miscellaneous Skills wands [Basic] Weapon Skills dagger [Basic] short sword [Basic] Spellcasting Skills Final Attributes: You were piously aligned. You were sleep resistant. You had infravision. You were very stealthy. You are dead. Vanquished creatures: a giant beetle a lizard a gnome king 3 bugbears a wood nymph a rock piercer a fog cloud a gnome lord a gray ooze 2 elf zombies a giant ant 2 floating eyes a kobold lord a kobold shaman a rothe a giant bat 2 orc zombies a coyote 2 hobbits 2 acid blobs 2 geckos 6 hobgoblins a cave spider 2 brown molds 2 yellow molds a green mold a red mold 3 gnomes 6 manes 7 jackals a fox a kobold 6 newts 5 goblins 2 sewer rats 7 grid bugs 4 lichens a kobold zombie 85 creatures vanquished. Voluntary challenges: You did not adorn yourself with jewelry or accessories. You did not cause conflict. You were not invisible. You did not have reflection. You were not displaced. You had been an atheist until turn 3173. You used a wielded weapon 108 times, starting on turn 1. You did not apply a unicorn horn. You did not use plumbed fixtures. You did not drink any magical draughts. You read items or engraved 1 time, starting on turn 2035. You never genocided any monsters. You never polymorphed an object. You never changed form. You used no wishes. You never split a pudding. You never wrote Elbereth's name. You never violated your personal moral code. Dungeon overview: The Dungeons of Doom: levels 1 to 8 Level 1 a long staircase Level 2 stairs to The Gnomish Mines Level 3 a general store Level 4 a sink Level 5 a sink Level 6 Level 7 a sink Level 8 <- You were here The Gnomish Mines: Level 3 stairs to The Dungeons of Doom History has recorded: On T:1 you entered the Dungeons of Doom to retrieve the Amulet of Yendor! On T:92 you reached level 2 of The Dungeons of Doom. On T:489 you reached level 3 of The Dungeons of Doom. On T:745 you reached level 1 of The Gnomish Mines. On T:794 you advanced to experience level 2. On T:1114 you advanced to experience level 3. On T:1254 you reached level 4 of The Dungeons of Doom. On T:1483 you advanced to experience level 4. On T:1866 you reached level 5 of The Dungeons of Doom. On T:2051 you reached level 6 of The Dungeons of Doom. On T:2215 you advanced to experience level 5. On T:2331 you reached level 7 of The Dungeons of Doom. On T:3142 you advanced to experience level 6. On T:3173 you prayed to Kos. On T:3438 you reached level 8 of The Dungeons of Doom. On T:3469 you prayed to Kos. Score breakdown: Gold: 0 ( 0 points) Experience: 6 levels ( 500 points) Exploration: 8 levels ( 210 points) Discoveries: 10 items ( 500 points) Variety of kills: 38 monsters ( 1900 points) Major goal: (nothing yet) ( 0 points) Survival: died (score multiplied by 3) Total score: 9330 Latest messages: The giant spider bites! The giant spider moves its spinnerets around you. You stab the giant spider. The giant spider bites! The giant spider moves its spinnerets around you. You stab the giant spider. Kitty bites the giant spider. The giant spider misses kitty. The giant spider's spinnerets move around kitty. The web sticks kitty to the floor. The giant spider bites! The giant spider moves its spinnerets around you. The giant spider bites! The giant spider moves its spinnerets around you. The giant spider bites! The giant spider moves its spinnerets around you. You don't have that object. You don't have that object. Sorry, I don't know how to use that. You begin praying to Kos. The giant spider bites! The giant spider's bite was poisoned! You die... Final status: Goodbye woodfighter the Rogue, poisoned by a giant spider, while praying... You died in The Dungeons of Doom on dungeon level 8 with 9330 points, and 0 pieces of gold, after 3469 moves. You were level 6 with a maximum of 38 hit points when you died.